 Dungeon Crawl Stone Soup version 0.19.0-2-gae57169 (webtiles) character file.

2482 LORDOFBUTT the Blocker (level 9, -10/64 HPs)
             Began as a Formicid Fighter on Nov 5, 2016.
             Killed from afar by a steam dragon (14 damage)
             ... with a ball of steam
             ... on level 6 of the Dungeon.
             The game lasted 00:06:51 (5623 turns).

LORDOFBUTT the Blocker (Formicid Fighter)           Turns: 5623, Time: 00:06:53

Health: -10/64     AC:  9    Str: 24    XL:     9   Next: 81%
Magic:  9/9        EV: 10    Int:  7    God:
Gold:   353        SH: 12    Dex: 11    Spells: 0 memorised, 8 levels left

rFire  . . .     SeeInvis +     l - +2 hand axe (freeze)
rCold  . . .     Gourm    .     b - +0 scale mail
rNeg   . . .     Faith    .     c - +0 shield
rPois  .         Spirit   .     (helmet unavailable)
rElec  .         Reflect  .     i - +0 cloak
rCorr  .         Harm     .     (no gloves)
MR     .....                    (no boots)
Stlth  ..........               (no amulet)
                                (no ring)
                                (no ring)

@: no status effects
A: permanent stasis, dig shafts and tunnels, four strong arms, antennae 3
a: Dig, Shaft Self


You were on level 6 of the Dungeon.
You were very hungry.

You visited 2 branches of the dungeon, and saw 8 of its levels.

You collected 353 gold pieces.

Inventory:

Hand Weapons
 l - a +2 hand axe of freezing (weapon)
Armour
 b - a +0 scale mail (worn)
 c - a +0 shield (worn)
 i - a +0 cloak (worn)
Wands
 e - a wand of flame (26/48)
 k - a wand of confusion (26/48)
 s - a wand of slowing (26/48)
Scrolls
 a - a scroll of vulnerability {unknown}
 d - 3 scrolls of identify
 g - a scroll of remove curse
 h - a scroll of fog {unknown}
 j - 2 scrolls of immolation {unknown}
 m - 4 scrolls of recharging {unknown}
 q - 4 scrolls of teleportation
 t - a scroll of magic mapping {unknown}
 w - a scroll of enchant armour {unknown}
Potions
 r - 2 potions of curing
 u - a potion of mutation
 v - a potion of resistance {unknown}
 x - a potion of cure mutation {unknown}
 z - a potion of lignification {unknown}
 A - a potion of magic {unknown}
Books
 y - a book of Conjurations

   Spells                             Type                      Level
   a - Magic Dart                     Conjuration                  1
   b - Searing Ray                    Conjuration                  2
   c - Dazzling Spray                 Conjuration/Hexes            3
   d - Fulminant Prism                Conjuration/Hexes            4
   e - Iskenderun's Mystic Blast      Conjuration                  4
   f - Iskenderun's Battlesphere      Conjuration/Charms           5
Comestibles
 f - 3 bread rations
 n - a royal jelly
 o - 2 beef jerkies
 p - 5 meat rations


   Skills:
 - Level 3.2 Fighting
 + Level 7.5 Axes
 + Level 8.6 Armour
 + Level 9.4 Shields


You had 8 spell levels left.
You didn't know any spells.

Dungeon Overview and Level Annotations

Branches:
Dungeon (7/15)             Temple (1/1) D:4

Altars:
Ashenzari
Dithmenos
Elyvilon
Fedhas
Gozag
Kikubaaqudgha
Makhleb
Nemelex Xobeh
Okawaru
Qazlal
Sif Muna
Trog
Uskayaw
Vehumet
Xom
Yredelemnul
Zin
The Shining One

Shops:
D:4 *


Innate Abilities, Weirdness & Mutations

You are under a permanent stasis effect.
You can dig through walls and to a lower floor.
Your four strong arms can wield two-handed weapons with a shield.
You have a pair of large antennae on your head. (SInv)


Message History

The steam dragon is severely wounded.
You are engulfed in a cloud of scalding steam.
* * * LOW HITPOINT WARNING * * *
You block the steam dragon's attack. x2
You are too injured to fight recklessly!
You are too injured to fight recklessly!
You are too injured to fight recklessly!
You closely miss the steam dragon.
The steam dragon is severely wounded.
You are engulfed in a cloud of scalding steam.
* * * LOW HITPOINT WARNING * * *
The steam dragon bites you but does no damage.
You block the steam dragon's attack.
You barely miss the steam dragon.
The steam dragon is severely wounded.
You are engulfed in a cloud of scalding steam.
* * * LOW HITPOINT WARNING * * *
The steam dragon breathes steam at you. The ball of steam hits you!
You die...

.......... #.# ..#
########## #.# ..# #.#
..# #.# #+##..#
#.#####..#..#
#.##.....#..#
#)##....)#..#
###.#......@..#
##...#.#####D..#
#.....(........#
#####....#...........
...............##.....
................#.......
....#.....#.............
###.#.###.#.###.........
....#.. ..#.. ....


You could see a steam dragon.

Vanquished Creatures
  Pikel (D:5)
  The ghost of ggurman the Cudgeler, an amateur MiFi (D:4)
  A wyvern (D:6)
  A hungry ghost (D:7)
  3 ice beasts
  2 ogres
  A slave (D:5)
  A phantom (D:4)
  A centaur (D:5)
  A bullfrog (D:6)
  7 scorpions
  A howler monkey (D:5)
  A crimson imp (D:5)
  A bullfrog zombie (D:5)
  3 hounds
  2 orc wizards
  Ijyb (D:2)
  5 worker ants
  A hound zombie (D:5)
  7 gnolls
  5 adders
  A shadow imp (D:5)
  2 oozes
  An adder zombie (D:5)
  An adder skeleton (D:5)
  5 worms
  3 leopard geckos
  6 orcs
  4 giant cockroaches
  3 goblins
  6 hobgoblins
  13 jackals
  9 kobolds
  2 quokkas
  4 bats
  9 frilled lizards
  10 rats
126 creatures vanquished.

Vanquished Creatures (others)
  A bullfrog zombie (D:5)
  A leopard gecko (D:6)
2 creatures vanquished.

Grand Total: 128 creatures vanquished

Notes
Turn   | Place    | Note
-------+----------+-------------------------------------------
     0 | D:1      | LORDOFBUTT the Formicid Fighter began the quest for the Orb.
     0 | D:1      | Reached XP level 1. HP: 18/18 MP: 1/1
   144 | D:1      | Reached XP level 2. HP: 9/24 MP: 2/2
   661 | D:1      | Reached skill level 4 in Shields
   668 | D:1      | Reached XP level 3. HP: 24/29 MP: 3/3
  1359 | D:2      | Reached XP level 4. HP: 35/35 MP: 4/4
  1500 | D:2      | Noticed Ijyb
  1512 | D:2      | Killed Ijyb
  1629 | D:3      | Reached XP level 5. HP: 33/41 MP: 5/5
  1883 | D:3      | Reached skill level 5 in Shields
  2209 | D:4      | Reached XP level 6. HP: 36/47 MP: 6/6
  2244 | D:4      | Noticed a phantom
  2299 | D:4      | Killed a phantom
  2299 | D:4      | Reached skill level 5 in Armour
  2336 | D:4      | You fall through a shaft for 3 floors!
  2666 | D:7      | Noticed a hungry ghost
  2696 | D:7      | Paralysed by fainting for 5 turns
  2706 | D:7      | Killed a hungry ghost
  2706 | D:7      | Reached skill level 6 in Shields
  2706 | D:7      | Reached XP level 7. HP: 44/52 MP: 7/7
  2895 | D:6      | Found an opulent altar of Gozag.
  2905 | D:5      | Entered Level 5 of the Dungeon
  3202 | D:4      | Reached skill level 5 in Axes
  3381 | D:4      | Reached XP level 8. HP: 55/58 MP: 8/8
  3489 | D:4      | Noticed ggurman's ghost (amateur MiFi)
  3522 | D:5      | Reached skill level 7 in Shields
  3718 | D:4      | Killed ggurman's ghost
  3861 | D:4      | Found Xyuteleg's Assorted Antiques.
  3917 | D:4      | Found a staircase to the Ecumenical Temple.
  4087 | Temple   | Entered the Ecumenical Temple
  4481 | D:5      | Reached skill level 8 in Shields
  4757 | D:5      | Reached XP level 9. HP: 51/64 MP: 9/9
  5125 | D:5      | Noticed Pikel
  5160 | D:5      | Killed Pikel
  5249 | D:5      | Found an iron altar of Okawaru.
  5313 | D:5      | Reached skill level 9 in Shields
  5379 | D:5      | Found a bloodstained altar of Trog.
  5623 | D:6      | Killed from afar by a steam dragon

Skill      XL: |  1  2  3  4  5  6  7  8  9 |
---------------+----------------------------+-----
Shields        | 4 5 6 8 9 |  9.4
Armour         | 4 5 6 7 8 |  8.6
Axes           | 3 4 5 6 7 |  7.5
Fighting       | |  3.2

Action                   |  1- 3 |  4- 6 |  7- 9 || total
-------------------------+-------+-------+-------++-------
Melee: War axe           |    71 |       |       ||    71
       Hand axe          |    31 |   151 |   313 ||   495
 Abil: Shaft Self        |       |     1 |       ||     1
       Dig               |       |       |     7 ||     7
  Use: Potion            |       |     1 |     2 ||     3
       Scroll            |       |     7 |       ||     7
  Eat: Chunk             |     2 |     1 |       ||     3
       Beef jerky        |       |     2 |       ||     2
       Bread ration      |       |     1 |     1 ||     2
       Meat ration       |       |       |     1 ||     1
Armor: Scale mail        |    41 |    52 |    79 ||   172
Dodge: Dodged            |    39 |    37 |    96 ||   172
Block: Shield            |    43 |    80 |   165 ||   288
